 Dungeon Crawl Stone Soup version 0.28-a0-1199-gef9e1dbd39 (webtiles) character file.

Game seed: 15792179537415231097

149 fragbeetle the Poker (level 5, 0/41 HPs)
             Began as a Merfolk Gladiator on Dec 19, 2021.
             Succumbed to a scorpion's poison
             ... on level 1 of the Dungeon.
             The game lasted 00:05:17 (1330 turns).

fragbeetle the Poker (Merfolk Gladiator)            Turns: 1330, Time: 00:05:18

Health: 0/41       AC:  7    Str: 20    XL:     5   Next: 31%
Magic:  5/5        EV: 13    Int:  9    God:
Gold:   134        SH:  0    Dex: 16    Spells: 4/4 levels left

rFire   . . .      SeeInvis .   a - +0 trident
rCold   . . .      Faith    .   (no shield)
rNeg    . . .      Spirit   .   f - +0 ring mail
rPois   .          Reflect  .   c - +0 helmet
rElec   .          Harm     .   (no cloak)
rCorr   .          Rampage  .   r - +0 pair of gloves
Will    .....                   (no boots)
Stlth   +.........              (no amulet)
HPRegen 0.13/turn               i - +6 ring of strength
MPRegen 0.09/turn               (no ring)

@: lethally poisoned (0 -> -9), invisible
A: (nimble swimmer 2), mertail
a: no special abilities


You were on level 1 of the Dungeon.
You visited 1 branch of the dungeon, and saw 3 of its levels.

You collected 134 gold pieces.

Inventory:

Hand Weapons
 a - a +0 trident (weapon)
Missiles
 d - 2 throwing nets
 o - 4 boomerangs (quivered)
 q - 20 poisoned darts
Armour
 b - a +0 leather armour
 c - a +0 helmet (worn)
 f - a +0 ring mail (worn)
 g - a +0 buckler
 r - a +0 pair of gloves (worn)
Jewellery
 i - a +6 ring of strength (left hand)
Scrolls
 h - 3 scrolls of identify {unknown}
 j - a scroll of fear {unknown}
 l - 3 scrolls of summoning {unknown}
 m - a scroll of amnesia {unknown}
 n - a scroll of fog {unknown}
 p - 2 scrolls of acquirement {unknown}


   Skills:
 + Level 3.2 Fighting
 + Level 5.4 Polearms
 - Level 2.0 Throwing
 + Level 1.3 Armour
 + Level 5.0 Dodging
 + Level 1.6 Shields


You had 4 spell levels left.
You didn't know any spells.
Your spell library was empty.

Dungeon Overview and Level Annotations

Branches:
Dungeon (3/15)

Altars:

Shops:
D:1 (


Innate Abilities, Weirdness & Mutations

((You are quick and stealthy near water. (Stealth+, EV+, Speed+++)))
Your lower body shifts to a powerful aquatic tail in water.


Message History

Your library has no spells.
Unknown command.
Okay, then.
Done exploring.
There is a stone staircase leading down here.
You climb downwards.
The adder hisses angrily.
The ball python hisses angrily.
The hobgoblin shouts!
A jackal comes into view.
The scorpion closely misses you. The scorpion stings you.
You are poisoned.
The scorpion poisons you!
There is a stone staircase leading up here.
You feel very sick.
The jackal barks!
The rat bites you but does no damage. The scorpion stings you.
You are more poisoned.
The scorpion poisons you!
You climb upwards.
You feel extremely sick.
There is a stone staircase leading down here.
You hit the scorpion.
The scorpion is moderately wounded.
You feel very sick. The rat bites you but does no damage.
The scorpion closely misses you. The rat closely misses you.
You hit the scorpion but do no damage.
The scorpion is moderately wounded.
You feel very sick. The scorpion stings you.
* * * LOW HITPOINT WARNING * * *
The rat bites you.
* * * LOW HITPOINT WARNING * * *
It was a potion of cancellation.
You feel magically purged.
* * * LOW HITPOINT WARNING * * *
You feel sick. The scorpion stings you.
* * * LOW HITPOINT WARNING * * *
The rat barely misses you. The scorpion barely misses you.
It was a potion of invisibility.
You fade into invisibility!
You die...

#.......###.##≈≈≈♣♣♣≈≈.#
##.....####.##.≈≈≈≈PPP##
#####..........≈PP≈####
...#######.....P.###
##..............####
...................#
.###.............###
.###...........s..#####
......########..@.....#
#####.###### ##r......#
#......####.......#
######......#######
#####..# ####


You could see a scorpion and a rat.

Vanquished Creatures
  An orc priest (D:3)
  A bullfrog skeleton (D:2)
  Jessica (D:3)
  An adder (D:3)
  4 worms
  4 orcs (D:3)
  2 endoplasms
  A giant cockroach (D:1)
  3 goblins
  9 hobgoblins
  2 kobolds (D:1)
  A quokka (D:1)
  4 ball pythons
  A frilled lizard (D:1)
  8 rats
43 creatures vanquished.

Vanquished Creatures (others)
  A plant (D:1)
1 creature vanquished.

Grand Total: 44 creatures vanquished

Notes
Turn   | Place    | Note
-------+----------+-------------------------------------------
     0 | D:1      | fragbeetle the Merfolk Gladiator began the quest for the
                  | Orb.
     0 | D:1      | Reached XP level 1. HP: 16/16 MP: 1/1
    96 | D:1      | Reached XP level 2. HP: 23/23 MP: 2/2
   399 | D:1      | Found Cerufa's Antique Weapon Shoppe.
   443 | D:1      | You fall into a shaft and drop 1 floor!
   443 | D:2      | Noticed a scorpion
   479 | D:3      | Reached XP level 3. HP: 28/28 MP: 3/3
   676 | D:3      | Reached skill level 5 in Polearms
   738 | D:3      | Noticed Jessica
   742 | D:3      | Killed Jessica
   743 | D:3      | Reached skill level 1 in Armour
   743 | D:3      | Reached skill level 1 in Shields
   743 | D:3      | Reached XP level 4. HP: 33/34 MP: 4/4
  1032 | D:2      | Reached skill level 5 in Dodging
  1032 | D:2      | Reached XP level 5. HP: 31/41 MP: 5/5
  1329 | D:1      | HP: 2/41 [scorpion (6)]
  1330 | D:1      | Succumbed to a scorpion's poison

Illustrated notes

Levels and vault maps discovered:
D:1:      zaba_arrival_water, layout_rooms, serial_shops, shop,
          serial_bayou_pond_c, corner_web_ring, minmay_misc_feat_square,
          amcnicky_mini_corridor_feature
D:2:      layout_rooms, uniq_crazy_yiuf_cottage
D:3:      layout_rooms, nicolae_wormholes, uniq_jessica

Skill      XL: |  1  2  3  4 |
---------------+-------------+-----
Polearms       | 5 |  5.4
Armour         | 1 |  1.3
Shields        | 1 |  1.6
Fighting       | 3 |  3.2
Dodging        | 5 |  5.0
Throwing       | |  2.0

Action                   |  1- 3 |  4- 6 || total
-------------------------+-------+-------++-------
Melee: Trident           |    86 |    58 ||   144
Throw: Throwing net      |     2 |       ||     2
  Use: Potion            |       |     2 ||     2
Armor: Leather armour    |     3 |       ||     3
       Ring mail         |    25 |    28 ||    53
Dodge: Dodged            |    45 |    46 ||    91

Table legend: (Time is in decaauts)
 A = Elapsed time spent in this place.
 B = Non-inter-level travel time spent in this place.
 C = Inter-level travel time spent in this place.
 D = Time resting spent in this place.
 E = Time spent auto-exploring this place.
 F = Levels seen in this place.
 G = Mean time per level.
                   A        B        C        D        E       F      G
               +--------+--------+--------+--------+--------+-----+--------+
         Total |   1330 |   1330 |      0 |    218 |    358 |   3 |  443.3 |
       Dungeon |   1330 |   1330 |      0 |    218 |    358 |   3 |  443.3 |
               +--------+--------+--------+--------+--------+-----+--------+

Top non-repeatable levels by time:
     D:1: 676 daAuts
     D:3: 548 daAuts
     D:2: 105 daAuts
